NEW JERSEY Devils vs WASHINGTON Capitals

Created - 3 mars 2024 at 14:48

Goals
1 2 3 T
NEW JERSEY Devils 0 3 1 4
WASHINGTON Capitals 1 0 1 2
Shots
1 2 3 T
NEW JERSEY Devils 14 9 16 39
WASHINGTON Capitals 5 10 12 27

1st period

1. WASHINGTON Capitals , Brock Boeser 9 (Casey Mittelstadt 6, Ian Cole 11) at 1:14

Penalties :
Matt Duchene (WSH) for Roughing (Minor) at 7:37

2nd period

2. NEW JERSEY Devils , J.T. Compher 16 (Andreas Athanasiou 14, Adam Boqvist 20) at 7:11
3. NEW JERSEY Devils , J.T. Compher 17 (Andreas Athanasiou 15, Adam Boqvist 21) at 16:42
4. NEW JERSEY Devils , Ryan Graves 12 (James van Riemsdyk 13, Bowen Byram 13) at 18:26 (PP)

Penalties :
Ivan Barbashev (WSH) for Fighting (Major) at 6:34, Alexander Petrovic (NJD) for Fighting (Major) at 6:34, Christian Dvorak (WSH) for Slashing (Minor) at 7:34, Kevin Shattenkirk (WSH) for Cross-checking (Minor) at 17:07, Ivan Barbashev (WSH) for Roughing (Minor) at 19:57

3rd period

5. NEW JERSEY Devils , J.T. Compher 18 (Ryan Donato 7) at 8:53 (PP)
6. WASHINGTON Capitals , Matt Duchene 16 (William Karlsson 33, Ian Cole 12) at 18:52

Penalties :
Ivan Barbashev (WSH) for Cross-checking (Minor) at 7:49, Barrett Hayton (WSH) for Holding (Minor) at 9:09

Goalie Stats

Jake Allen (NJD), 25 saves from 27 shots - (0,926), W, 6-8-1, 60:00 minutes
Scott Wedgewood (WSH), 35 saves from 39 shots - (0,897), L, 11-15-1, 60:00 minutes

Players Stats for NEW JERSEY Devils

Player Name              G  A  P  +/- PIM S  H  SB GA TA FO     MP     PP MP  PK MP  
------------------------------------------------------------------------------------
Adam Boqvist             0  2  2   1  0   0  1  1  0  0  0/0    21:29   5:02   0:00 
Alexander Petrovic       0  0  0   0  5   0  1  2  0  0  0/0    11:59   0:00   0:00 
Andreas Athanasiou       0  2  2   1  0   2  0  0  0  0  1/1    18:22   4:58   0:00 
Bowen Byram              0  1  1  -1  0   6  0  0  0  0  0/0    26:05   5:17   0:00 
Chris Wideman            0  0  0   1  0   1  2  0  0  0  0/0    13:03   0:00   0:00 
Connor Brown             0  0  0   0  0   0  0  0  0  0  0/0     7:02   0:00   0:00 
Gabriel Landeskog        0  0  0   0  0   1  0  0  0  0  4/11    7:02   0:00   0:00 
J.T. Compher             3  0  3   1  0   10 1  0  0  0  18/31  18:22   4:58   0:00 
Jack Hughes              0  0  0  -1  0   0  0  0  0  0  12/35  24:38   5:21   0:00 
Jake Bean                0  0  0   0  0   1  6  2  0  0  0/0    20:52   5:02   0:00 
James van Riemsdyk       0  1  1  -1  0   1  3  0  0  0  0/2    24:38   5:21   0:00 
Joel Armia               0  0  0   0  0   3  0  0  0  0  0/1     9:58   0:00   0:00 
Kyle Okposo              0  0  0  -1  0   4  7  0  0  0  0/0    24:38   5:21   0:00 
Miles Wood               0  0  0   0  0   1  0  0  0  0  0/0     7:02   0:00   0:00 
Oskar Lindblom           0  0  0   0  0   2  1  0  0  0  0/1     9:58   0:00   0:00 
Ryan Donato              0  1  1   0  0   3  2  0  0  0  7/11   14:56   4:58   0:00 
Ryan Graves              1  0  1  -1  0   3  3  1  0  0  0/0    26:31   5:17   0:00 
Thomas Novak             0  0  0   1  0   1  1  0  0  0  0/0    13:24   0:00   0:00 

Players Stats for WASHINGTON Capitals

Player Name              G  A  P  +/- PIM S  H  SB GA TA FO     MP     PP MP  PK MP  
------------------------------------------------------------------------------------
Barrett Hayton           0  0  0   0  2   1  1  0  0  0  7/10    9:37   0:00   1:35 
Brock Boeser             1  0  1  -1  0   4  2  0  0  0  0/0    14:50   0:00   0:00 
Carson Soucy             0  0  0   0  0   2  3  4  0  0  0/0    17:57   0:00   4:58 
Casey Mittelstadt        0  1  1  -1  0   1  1  0  0  0  12/15  15:22   0:00   0:32 
Christian Dvorak         0  0  0   0  2   0  0  2  0  0  9/17   13:05   0:00   2:29 
Ian Cole                 0  2  2   0  0   0  1  2  0  0  0/0    20:41   0:00   5:21 
Ivan Barbashev           0  0  0   0  9   2  4  0  0  0  0/0    16:53   0:00   3:55 
Jason Dickinson          0  0  0   0  0   1  1  0  0  0  0/4    11:35   0:00   1:59 
John Carlson             0  0  0   0  0   0  0  4  0  0  0/0    26:43   0:00   5:21 
Kevin Shattenkirk        0  0  0   0  2   2  2  1  0  0  0/0    18:31   0:00   0:00 
Mario Ferraro            0  0  0   0  0   1  1  2  0  0  0/0    17:57   0:00   4:58 
Matt Duchene             1  0  1   1  2   4  2  0  0  0  0/0    17:11   0:00   0:00 
Pavel Buchnevich         0  0  0   0  0   4  2  0  0  0  1/1    19:59   0:00   1:59 
Ross Colton              0  0  0   0  0   2  1  0  0  0  0/0     8:03   0:00   0:00 
Ryan Strome              0  0  0   0  0   0  0  0  0  0  0/0    10:05   0:00   0:29 
Sam Steel                0  0  0   0  0   0  0  0  0  0  1/1     8:03   0:00   0:00 
Torey Krug               0  0  0   0  0   0  2  1  0  0  0/0    18:10   0:00   0:00 
William Karlsson         0  1  1   1  0   3  3  0  0  0  21/45  24:52   0:00   7:40 

3 Stars

1 - J.T. Compher (NJD)
2 - Adam Boqvist (NJD)
3 - Andreas Athanasiou (NJD)

Power Play

NEW JERSEY Devils - 2 on 6 Attempt(s) - 33,33%
WASHINGTON Capitals - 0 on 0 Attempt(s) - 0,00%

Penalty Kill

NEW JERSEY Devils - 0 on 0 Attempt(s) - 0,00% - Score 0 goal in Penalty Kill
WASHINGTON Capitals - 4 on 6 Attempt(s) - 66,67% - Score 0 goal in Penalty Kill

Team Stat

NEW JERSEY Devils - Hits : 28 - Faceoff Wins : 42 - Blocked Shots : 6 - Penalty Minutes : 5
WASHINGTON Capitals - Hits : 26 - Faceoff Wins : 51 - Blocked Shots : 16 - Penalty Minutes : 17

Official

Referees : Brandon Schrader and Eric Furlatt
Linesman : Lisa Linnek and Tyson Baker

Game Notes

Ivan Barbashev and Alexander Petrovic fight to a draw at 6:34 of 2nd period
J.T. Compher has scored a Hat Trick!

Finance

Level 1 -- Attendance: 4762 (79,37%) -- Ticket Income $476,200
Level 2 -- Attendance: 4007 (80,14%) -- Ticket Income $240,420
Level 3 -- Attendance: 1910 (95,50%) -- Ticket Income $76,400
Level 4 -- Attendance: 2656 (66,40%) -- Ticket Income $66,400
Luxury Box -- Attendance: 820 (82,00%) -- Ticket Income $164,000
Game was played at the Verizon Center.
Total Attendance: 14155 (78,64%)
Total Ticket Income: $1,023,420
Other Income: $255,855
Total Income: $1,279,275

NEW JERSEY Devils

5 vs 5 Forward 
   Center                   Left Wing                Right Wing               Time % Phy DF OF 
 1 Jack Hughes              James van Riemsdyk       Kyle Okposo              40     1   2  2  
 2 J.T. Compher             Thomas Novak             Andreas Athanasiou       30     1   2  2  
 3 Ryan Donato              Oskar Lindblom           Joel Armia               20     1   2  2  
 4 Gabriel Landeskog        Miles Wood               Connor Brown             10     1   2  2  

5 vs 5 Defense 
   Defense                  Defense                                           Time % Phy DF OF 
 1 Ryan Graves              Bowen Byram                                       40     1   2  2  
 2 Adam Boqvist             Jake Bean                                         30     1   2  2  
 3 Chris Wideman            Alexander Petrovic                                20     1   2  2  
 4 Ryan Graves              Bowen Byram                                       10     1   2  2  

PowerPlay Forward 
   Center                   Left Wing                Right Wing               Time % Phy DF OF 
 1 Jack Hughes              James van Riemsdyk       Kyle Okposo              60     1   2  2  
 2 J.T. Compher             Ryan Donato              Andreas Athanasiou       40     1   2  2  

PowerPlay Defense
   Defense                  Defense                                           Time % Phy DF OF 
 1 Ryan Graves              Bowen Byram                                       60     1   2  2  
 2 Adam Boqvist             Jake Bean                                         40     1   2  2  

Penalty Kill 4 Players Forward 
   Center                   Wing                     Time % Phy DF OF 
 1 Jack Hughes              Kyle Okposo              60     1   2  2  
 2 J.T. Compher             James van Riemsdyk       40     1   2  2  

Penalty Kill 4 Players Defense
   Defense                  Defense                  Time % Phy DF OF 
 1 Ryan Graves              Bowen Byram              60     1   2  2  
 2 Adam Boqvist             Jake Bean                40     1   2  2  

Penalty Kill - 3 Players Forward 
   Forward                                           Time % Phy DF OF 
 1 Jack Hughes                                       60     1   2  2  
 2 Kyle Okposo                                       40     1   2  2  

Penalty Kill - 3 Players Defense
   Defense                  Defense                  Time % Phy DF OF 
 1 Ryan Graves              Bowen Byram              60     1   2  2  
 2 Adam Boqvist             Jake Bean                40     1   2  2  

4 vs 4 Forward 
   Center                   Wing                     Time % Phy DF OF 
 1 Jack Hughes              Kyle Okposo              60     1   2  2  
 2 J.T. Compher             James van Riemsdyk       40     1   2  2  

4 vs 4 Defense
   Defense                  Defense                  Time % Phy DF OF 
 1 Ryan Graves              Bowen Byram              60     1   2  2  
 2 Adam Boqvist             Jake Bean                40     1   2  2  

Last Minutes Offensive
   Center                   Left Wing                Right Wing               Defense                  Defense                  
   Jack Hughes              James van Riemsdyk       Kyle Okposo              Ryan Graves              Bowen Byram              

Last Minutes Defensive
   Center                   Left Wing                Right Wing               Defense                  Defense                  
   Jack Hughes              James van Riemsdyk       Kyle Okposo              Ryan Graves              Bowen Byram              

Goaltenders
Starting : Jake Allen               
Backup : Antti Raanta             

Extra Forwards
Normal : Ryan Donato, Oskar Lindblom, Joel Armia - PP : Ryan Donato, Oskar Lindblom - PK : Joel Armia
Extra Defensemen
Normal : Chris Wideman, Alexander Petrovic, Adam Boqvist - PP : Chris Wideman - PK : Alexander Petrovic, Adam Boqvist
Penalty Shots
Jack Hughes, Kyle Okposo, J.T. Compher, James van Riemsdyk, Oskar Lindblom

Scratches
Dustin Tokarski (Healthy), Alex Stalock (Healthy)

WASHINGTON Capitals

5 vs 5 Forward 
   Center                   Left Wing                Right Wing               Time % Phy DF OF 
 1 William Karlsson         Pavel Buchnevich         Matt Duchene             40     1   1  3  
 2 Casey Mittelstadt        Ivan Barbashev           Brock Boeser             30     1   2  2  
 3 Christian Dvorak         Jason Dickinson          Ryan Strome              20     1   2  2  
 4 Barrett Hayton           Ross Colton              Sam Steel                10     3   2  0  

5 vs 5 Defense 
   Defense                  Defense                                           Time % Phy DF OF 
 1 John Carlson             Kevin Shattenkirk                                 40     0   4  1  
 2 Ian Cole                 Torey Krug                                        30     0   4  1  
 3 Mario Ferraro            Carson Soucy                                      20     1   3  1  
 4 Torey Krug               John Carlson                                      10     0   4  1  

PowerPlay Forward 
   Center                   Left Wing                Right Wing               Time % Phy DF OF 
 1 William Karlsson         Pavel Buchnevich         Brock Boeser             60     1   0  4  
 2 Matt Duchene             Ivan Barbashev           Ryan Strome              40     1   0  4  

PowerPlay Defense
   Defense                  Defense                                           Time % Phy DF OF 
 1 John Carlson             Kevin Shattenkirk                                 70     0   1  4  
 2 Mario Ferraro            Torey Krug                                        30     0   1  4  

Penalty Kill 4 Players Forward 
   Center                   Wing                     Time % Phy DF OF 
 1 William Karlsson         Ivan Barbashev           60     1   4  0  
 2 Jason Dickinson          Pavel Buchnevich         40     1   4  0  

Penalty Kill 4 Players Defense
   Defense                  Defense                  Time % Phy DF OF 
 1 John Carlson             Ian Cole                 60     0   5  0  
 2 Mario Ferraro            Carson Soucy             40     0   5  0  

Penalty Kill - 3 Players Forward 
   Forward                                           Time % Phy DF OF 
 1 William Karlsson                                  60     0   5  0  
 2 Jason Dickinson                                   40     0   5  0  

Penalty Kill - 3 Players Defense
   Defense                  Defense                  Time % Phy DF OF 
 1 Ian Cole                 Mario Ferraro            60     0   5  0  
 2 John Carlson             Carson Soucy             40     0   5  0  

4 vs 4 Forward 
   Center                   Wing                     Time % Phy DF OF 
 1 William Karlsson         Pavel Buchnevich         60     1   2  2  
 2 Matt Duchene             Brock Boeser             40     1   2  2  

4 vs 4 Defense
   Defense                  Defense                  Time % Phy DF OF 
 1 John Carlson             Kevin Shattenkirk        60     1   2  2  
 2 Mario Ferraro            Torey Krug               40     1   2  2  

Last Minutes Offensive
   Center                   Left Wing                Right Wing               Defense                  Defense                  
   Matt Duchene             Pavel Buchnevich         Brock Boeser             John Carlson             Kevin Shattenkirk        

Last Minutes Defensive
   Center                   Left Wing                Right Wing               Defense                  Defense                  
   William Karlsson         Jason Dickinson          Pavel Buchnevich         John Carlson             Mario Ferraro            

Goaltenders
Starting : Scott Wedgewood          
Backup : Chris Driedger           

Extra Forwards
Normal : Pavel Buchnevich, Matt Duchene, William Karlsson - PP : William Karlsson, Brock Boeser - PK : Christian Dvorak
Extra Defensemen
Normal : Carson Soucy, Kevin Shattenkirk, Mario Ferraro - PP : John Carlson - PK : Ian Cole, Torey Krug
Penalty Shots
Matt Duchene, Pavel Buchnevich, Ivan Barbashev, William Karlsson, Ross Colton

Scratches
Matt Grzelcyk (Healthy)

% Time on Ice - NEW JERSEY Devils

Lines # - Real PCT - Wanted PCT - Time Play
Normal Forward
1 - 39% - 40% - 19:17
2 - 27% - 30% - 13:24
3 - 20% - 20% - 9:58
4 - 14% - 10% - 7:02
Normal Defense
1 - 37% - 40% - 18:36
2 - 32% - 30% - 15:50
3 - 26% - 20% - 13:03
4 - 4% - 10% - 2:12
PP Forward
1 - 52% - 60% - 5:21
2 - 48% - 40% - 4:58
PP Defense
1 - 51% - 60% - 5:17
2 - 49% - 40% - 5:02
PK Forward
1 - 0% - 60%
2 - 0% - 40%
PK Defense
1 - 0% - 60%
2 - 0% - 40%
PK3 Forward
1 - 0% - 60%
2 - 0% - 40%
PK3 Defense
1 - 0% - 60%
2 - 0% - 40%
44 Forward
1 - 0% - 60%
2 - 0% - 40%
44 Defense
1 - 0% - 60%
2 - 0% - 40%
Last Minute Offensive  - 0:00
Last Minute Defensive  - 0:00
Total
Forward - 60:00
Defense - 60:00

% Time on Ice - WASHINGTON Capitals

Lines # - Real PCT - Wanted PCT - Time Play
Normal Forward
1 - 35% - 40% - 17:12
2 - 30% - 30% - 14:50
3 - 19% - 20% - 9:36
4 - 16% - 10% - 8:03
Normal Defense
1 - 37% - 40% - 18:32
2 - 31% - 30% - 15:20
3 - 26% - 20% - 12:59
4 - 6% - 10% - 2:50
PP Forward
1 - 0% - 60%
2 - 0% - 40%
PP Defense
1 - 0% - 70%
2 - 0% - 30%
PK Forward
1 - 81% - 60% - 8:20
2 - 19% - 40% - 1:59
PK Defense
1 - 52% - 60% - 5:21
2 - 48% - 40% - 4:58
PK3 Forward
1 - 0% - 60%
2 - 0% - 40%
PK3 Defense
1 - 0% - 60%
2 - 0% - 40%
44 Forward
1 - 0% - 60%
2 - 0% - 40%
44 Defense
1 - 0% - 60%
2 - 0% - 40%
Last Minute Offensive  - 0:00
Last Minute Defensive  - 0:00
Total
Forward - 60:00
Defense - 60:00

Play-by-Play

1st period


0:01 of 1st period - Jack Hughes wins face-off versus William Karlsson in neutral zone.
0:03 of 1st period - Kyle Okposo is hit by Matt Duchene and loses puck.
0:27 of 1st period - Shot by William Karlsson.
0:27 of 1st period - Shot Blocked by Ryan Graves.
0:54 of 1st period - Ryan Graves is hit by Ivan Barbashev and loses puck.
0:59 of 1st period - James van Riemsdyk is hit by Ivan Barbashev and loses puck.
1:06 of 1st period - Shot by Brock Boeser.
1:06 of 1st period - Stopped by Jake Allen with a rebound.
1:14 of 1st period - Shot by Brock Boeser.
1:14 of 1st period - Goal by Brock Boeser - NEW JERSEY Devils : 0 - WASHINGTON Capitals : 1.
1:15 of 1st period - Christian Dvorak wins face-off versus J.T. Compher in neutral zone.
1:38 of 1st period - Jake Bean is hit by Jason Dickinson and loses puck.
2:07 of 1st period - Icing by Jake Bean.
2:08 of 1st period - J.T. Compher wins face-off versus Barrett Hayton in NEW JERSEY Devils zone.
2:17 of 1st period - Torey Krug is hit by Adam Boqvist and loses puck.
3:07 of 1st period - Oskar Lindblom is hit by Barrett Hayton and loses puck.
3:13 of 1st period - Off-side.
3:14 of 1st period - Casey Mittelstadt wins face-off versus Gabriel Landeskog in neutral zone.
3:23 of 1st period - Shot by Gabriel Landeskog.
3:23 of 1st period - Stopped by Scott Wedgewood with a rebound.
3:32 of 1st period - Icing by Ryan Graves.
3:33 of 1st period - Gabriel Landeskog wins face-off versus William Karlsson in NEW JERSEY Devils zone.
3:33 of 1st period - Gabriel Landeskog is hit by Pavel Buchnevich.
4:38 of 1st period - Off-side.
4:39 of 1st period - Jack Hughes wins face-off versus Christian Dvorak in neutral zone.
5:10 of 1st period - Shot by Ryan Strome.
5:10 of 1st period - Shot Misses the Net.
6:42 of 1st period - Shot by J.T. Compher.
6:42 of 1st period - Stopped by Scott Wedgewood with a rebound.
6:44 of 1st period - Shot by Thomas Novak.
6:44 of 1st period - The goal is going for a video replay.
6:44 of 1st period - The goal is refused.
6:45 of 1st period - William Karlsson wins face-off versus Gabriel Landeskog in WASHINGTON Capitals zone.
6:52 of 1st period - Shot by William Karlsson.
6:52 of 1st period - Shot Misses the Net.
6:57 of 1st period - Icing by Chris Wideman.
6:58 of 1st period - Barrett Hayton wins face-off versus Gabriel Landeskog in NEW JERSEY Devils zone.
6:58 of 1st period - Barrett Hayton is hit by Chris Wideman.
7:12 of 1st period - Shot by Miles Wood.
7:12 of 1st period - Shot Misses the Net.
7:14 of 1st period - Shot by Chris Wideman.
7:14 of 1st period - Shot Blocked by Carson Soucy.
7:16 of 1st period - Shot by Chris Wideman.
7:16 of 1st period - Stopped by Scott Wedgewood without a rebound.
7:17 of 1st period - William Karlsson wins face-off versus Jack Hughes in WASHINGTON Capitals zone.
7:17 of 1st period - William Karlsson is hit by Kyle Okposo.
7:20 of 1st period - Icing by Torey Krug.
7:21 of 1st period - Jack Hughes wins face-off versus William Karlsson in WASHINGTON Capitals zone.
7:33 of 1st period - Ian Cole is hit by Ryan Graves and loses puck.
7:37 of 1st period - Minor Penalty to Matt Duchene for Roughing.
7:38 of 1st period - J.T. Compher wins face-off versus William Karlsson in WASHINGTON Capitals zone.
7:48 of 1st period - Off-side.
7:49 of 1st period - William Karlsson wins face-off versus Jack Hughes in neutral zone.
7:49 of 1st period - William Karlsson is hit by Kyle Okposo.
8:17 of 1st period - Shot by Bowen Byram.
8:17 of 1st period - Stopped by Scott Wedgewood with a rebound.
8:19 of 1st period - Shot by Bowen Byram.
8:19 of 1st period - Stopped by Scott Wedgewood without a rebound.
8:20 of 1st period - J.T. Compher wins face-off versus Jason Dickinson in WASHINGTON Capitals zone.
8:43 of 1st period - Shot by J.T. Compher.
8:43 of 1st period - Stopped by Scott Wedgewood without a rebound.
8:44 of 1st period - William Karlsson wins face-off versus Jack Hughes in WASHINGTON Capitals zone.
9:00 of 1st period - Icing by James van Riemsdyk.
9:01 of 1st period - Jack Hughes wins face-off versus William Karlsson in NEW JERSEY Devils zone.
9:38 of 1st period - J.T. Compher is hit by Ross Colton and loses puck.
9:47 of 1st period - Shot by Andreas Athanasiou.
9:47 of 1st period - Deflect By J.T. Compher.
9:47 of 1st period - Shot Misses the Net.
9:49 of 1st period - Shot by Alexander Petrovic.
9:49 of 1st period - Shot Blocked by Carson Soucy.
9:51 of 1st period - Shot by Andreas Athanasiou.
9:51 of 1st period - Shot Misses the Net.
10:27 of 1st period - Carson Soucy is hit by Ryan Donato and loses puck.
11:50 of 1st period - Shot by Matt Duchene.
11:50 of 1st period - Shot Misses the Net.
11:58 of 1st period - Icing by Ian Cole.
11:59 of 1st period - William Karlsson wins face-off versus J.T. Compher in WASHINGTON Capitals zone.
11:59 of 1st period - William Karlsson is hit by Thomas Novak.
12:09 of 1st period - Shot by William Karlsson.
12:09 of 1st period - Shot Misses the Net.
12:16 of 1st period - Thomas Novak is hit by William Karlsson and loses puck.
12:29 of 1st period - Shot by J.T. Compher.
12:29 of 1st period - Stopped by Scott Wedgewood without a rebound.
12:30 of 1st period - Casey Mittelstadt wins face-off versus Jack Hughes in WASHINGTON Capitals zone.
12:30 of 1st period - Casey Mittelstadt is hit by James van Riemsdyk.
12:33 of 1st period - John Carlson is hit by Kyle Okposo and loses puck.
13:52 of 1st period - Shot by Andreas Athanasiou.
13:52 of 1st period - Stopped by Scott Wedgewood without a rebound.
13:53 of 1st period - Gabriel Landeskog wins face-off versus William Karlsson in WASHINGTON Capitals zone.
14:06 of 1st period - Shot by Pavel Buchnevich.
14:06 of 1st period - Stopped by Jake Allen without a rebound.
14:07 of 1st period - Barrett Hayton wins face-off versus J.T. Compher in NEW JERSEY Devils zone.
14:07 of 1st period - Ross Colton is hit by Jake Bean.
14:32 of 1st period - Andreas Athanasiou is hit by Torey Krug and loses puck.
14:36 of 1st period - Thomas Novak is hit by Torey Krug and loses puck.
14:41 of 1st period - Shot by J.T. Compher.
14:41 of 1st period - Stopped by Scott Wedgewood without a rebound.
14:42 of 1st period - Ryan Donato wins face-off versus William Karlsson in WASHINGTON Capitals zone.
15:01 of 1st period - Shot by Joel Armia.
15:01 of 1st period - Deflect By Ryan Donato.
15:01 of 1st period - Stopped by Scott Wedgewood without a rebound.
15:02 of 1st period - Casey Mittelstadt wins face-off versus Jack Hughes in WASHINGTON Capitals zone.
15:21 of 1st period - Shot by Jack Hughes.
15:21 of 1st period - Shot Misses the Net.
15:40 of 1st period - Shot by Kyle Okposo.
15:40 of 1st period - Stopped by Scott Wedgewood without a rebound.
15:41 of 1st period - J.T. Compher wins face-off versus William Karlsson in WASHINGTON Capitals zone.
15:42 of 1st period - Shot by Bowen Byram.
15:42 of 1st period - Stopped by Scott Wedgewood without a rebound.
15:43 of 1st period - J.T. Compher wins face-off versus William Karlsson in WASHINGTON Capitals zone.
16:03 of 1st period - John Carlson is hit by Ryan Graves and loses puck.
16:51 of 1st period - Shot by Casey Mittelstadt.
16:51 of 1st period - Stopped by Jake Allen without a rebound.
16:52 of 1st period - Christian Dvorak wins face-off versus Jack Hughes in NEW JERSEY Devils zone.
17:56 of 1st period - Brock Boeser is hit by Jake Bean and loses puck.
18:47 of 1st period - Shot by Pavel Buchnevich.
18:47 of 1st period - Stopped by Jake Allen with a rebound.
18:55 of 1st period - Shot by Joel Armia.
18:55 of 1st period - Stopped by Scott Wedgewood without a rebound.
18:56 of 1st period - Barrett Hayton wins face-off versus J.T. Compher in WASHINGTON Capitals zone.
18:56 of 1st period - Barrett Hayton is hit by J.T. Compher.
Goals for this period are 0 for NEW JERSEY Devils vs 1 for WASHINGTON Capitals.
Shots for this period are 14 for NEW JERSEY Devils vs 5 for WASHINGTON Capitals.

2nd period


0:01 of 2nd period - Jack Hughes wins face-off versus William Karlsson in neutral zone.
0:05 of 2nd period - Shot by Bowen Byram.
0:05 of 2nd period - Stopped by Scott Wedgewood without a rebound.
0:06 of 2nd period - William Karlsson wins face-off versus Jack Hughes in WASHINGTON Capitals zone.
0:25 of 2nd period - Shot by William Karlsson.
0:25 of 2nd period - Stopped by Jake Allen without a rebound.
0:26 of 2nd period - Casey Mittelstadt wins face-off versus Gabriel Landeskog in NEW JERSEY Devils zone.
0:58 of 2nd period - Shot by Miles Wood.
0:58 of 2nd period - Stopped by Scott Wedgewood without a rebound.
0:59 of 2nd period - William Karlsson wins face-off versus James van Riemsdyk in WASHINGTON Capitals zone.
0:59 of 2nd period - Pavel Buchnevich is hit by James van Riemsdyk and loses puck.
1:25 of 2nd period - Jack Hughes is hit by Kevin Shattenkirk and loses puck.
2:04 of 2nd period - Joel Armia is hit by Ivan Barbashev and loses puck.
2:13 of 2nd period - Shot by Oskar Lindblom.
2:13 of 2nd period - Shot Misses the Net.
2:15 of 2nd period - Shot by Ryan Donato.
2:15 of 2nd period - Shot Hit the Post.
2:36 of 2nd period - Shot by Oskar Lindblom.
2:36 of 2nd period - Stopped by Scott Wedgewood without a rebound.
2:37 of 2nd period - J.T. Compher wins face-off versus Christian Dvorak in WASHINGTON Capitals zone.
2:38 of 2nd period - Shot by Thomas Novak.
2:38 of 2nd period - Shot Blocked by Carson Soucy.
3:44 of 2nd period - Shot by Matt Duchene.
3:44 of 2nd period - Stopped by Jake Allen with a rebound.
3:46 of 2nd period - Shot by William Karlsson.
3:46 of 2nd period - Deflect By Matt Duchene.
3:46 of 2nd period - Shot Misses the Net.
3:48 of 2nd period - Shot by Pavel Buchnevich.
3:48 of 2nd period - Shot Misses the Net.
3:57 of 2nd period - Matt Duchene is hit by Jake Bean and loses puck.
4:38 of 2nd period - Icing by Ryan Graves.
4:39 of 2nd period - Jack Hughes wins face-off versus Barrett Hayton in NEW JERSEY Devils zone.
4:54 of 2nd period - Shot by Carson Soucy.
4:54 of 2nd period - Deflect By Ross Colton.
4:54 of 2nd period - Stopped by Jake Allen without a rebound.
4:55 of 2nd period - Ryan Donato wins face-off versus Casey Mittelstadt in NEW JERSEY Devils zone.
4:55 of 2nd period - Oskar Lindblom is hit by Brock Boeser and loses puck.
5:14 of 2nd period - Shot by Brock Boeser.
5:14 of 2nd period - Shot Misses the Net.
5:16 of 2nd period - Shot by Ivan Barbashev.
5:16 of 2nd period - Stopped by Jake Allen without a rebound.
5:17 of 2nd period - William Karlsson wins face-off versus James van Riemsdyk in NEW JERSEY Devils zone.
5:38 of 2nd period - Shot by James van Riemsdyk.
5:38 of 2nd period - Deflect By Jack Hughes.
5:38 of 2nd period - Shot Misses the Net.
6:26 of 2nd period - Gabriel Landeskog is hit by Ian Cole and loses puck.
6:34 of 2nd period - Ivan Barbashev and Alexander Petrovic fight to a draw.
6:34 of 2nd period - Penalty to Ivan Barbashev for Fighting.
6:34 of 2nd period - Penalty to Alexander Petrovic for Fighting.
6:35 of 2nd period - Christian Dvorak wins face-off versus Joel Armia in WASHINGTON Capitals zone.
6:35 of 2nd period - Christian Dvorak is hit by Ryan Donato.
6:49 of 2nd period - Shot by Carson Soucy.
6:49 of 2nd period - Stopped by Jake Allen without a rebound.
6:50 of 2nd period - J.T. Compher wins face-off versus Casey Mittelstadt in NEW JERSEY Devils zone.
6:50 of 2nd period - Thomas Novak is hit by Casey Mittelstadt.
7:09 of 2nd period - Shot by Andreas Athanasiou.
7:09 of 2nd period - Shot Misses the Net.
7:11 of 2nd period - Shot by J.T. Compher.
7:11 of 2nd period - Goal by J.T. Compher - NEW JERSEY Devils : 1 - WASHINGTON Capitals : 1.
7:12 of 2nd period - Christian Dvorak wins face-off versus Jack Hughes in neutral zone.
7:23 of 2nd period - Jason Dickinson is hit by Kyle Okposo and loses puck.
7:34 of 2nd period - Minor Penalty to Christian Dvorak for Slashing.
7:35 of 2nd period - J.T. Compher wins face-off versus William Karlsson in WASHINGTON Capitals zone.
7:35 of 2nd period - Ryan Donato is hit by Carson Soucy.
7:37 of 2nd period - Shot by J.T. Compher.
7:37 of 2nd period - Shot Blocked by Mario Ferraro.
7:39 of 2nd period - Shot by Jake Bean.
7:39 of 2nd period - Stopped by Scott Wedgewood without a rebound.
7:40 of 2nd period - Jack Hughes wins face-off versus William Karlsson in WASHINGTON Capitals zone.
8:54 of 2nd period - Shot by Andreas Athanasiou.
8:54 of 2nd period - Stopped by Scott Wedgewood without a rebound.
8:55 of 2nd period - William Karlsson wins face-off versus J.T. Compher in WASHINGTON Capitals zone.
9:12 of 2nd period - Shot by Jake Bean.
9:12 of 2nd period - Shot Blocked by Mario Ferraro.
9:59 of 2nd period - Shot by Pavel Buchnevich.
9:59 of 2nd period - Stopped by Jake Allen without a rebound.
10:00 of 2nd period - Christian Dvorak wins face-off versus Jack Hughes in NEW JERSEY Devils zone.
10:04 of 2nd period - Icing by Adam Boqvist.
10:05 of 2nd period - Christian Dvorak wins face-off versus Jack Hughes in NEW JERSEY Devils zone.
10:14 of 2nd period - Shot by Jason Dickinson.
10:14 of 2nd period - Stopped by Jake Allen without a rebound.
10:15 of 2nd period - William Karlsson wins face-off versus Jack Hughes in NEW JERSEY Devils zone.
11:14 of 2nd period - John Carlson is hit by Ryan Graves and loses puck.
11:43 of 2nd period - Ryan Donato is hit by Brock Boeser.
12:18 of 2nd period - Mario Ferraro is hit by Jake Bean and loses puck.
12:21 of 2nd period - Shot by Mario Ferraro.
12:21 of 2nd period - Stopped by Jake Allen with a rebound.
12:31 of 2nd period - Shot by Barrett Hayton.
12:31 of 2nd period - Deflect By Ross Colton.
12:31 of 2nd period - Stopped by Jake Allen without a rebound.
12:32 of 2nd period - William Karlsson wins face-off versus J.T. Compher in NEW JERSEY Devils zone.
12:38 of 2nd period - William Karlsson is hit by Chris Wideman and loses puck.
12:43 of 2nd period - Shot by William Karlsson.
12:43 of 2nd period - Stopped by Jake Allen without a rebound.
12:44 of 2nd period - Gabriel Landeskog wins face-off versus William Karlsson in NEW JERSEY Devils zone.
13:01 of 2nd period - Shot by Connor Brown.
13:01 of 2nd period - Shot Misses the Net.
13:03 of 2nd period - Shot by Alexander Petrovic.
13:03 of 2nd period - Shot Misses the Net.
13:19 of 2nd period - Shot by Miles Wood.
13:19 of 2nd period - Shot Blocked by Torey Krug.
13:21 of 2nd period - Shot by Connor Brown.
13:21 of 2nd period - Shot Misses the Net.
14:14 of 2nd period - Shot by Brock Boeser.
14:14 of 2nd period - Shot Misses the Net.
14:16 of 2nd period - Shot by Ivan Barbashev.
14:16 of 2nd period - Shot Blocked by Jake Bean.
14:39 of 2nd period - Icing by Carson Soucy.
14:40 of 2nd period - Jack Hughes wins face-off versus Christian Dvorak in WASHINGTON Capitals zone.
15:09 of 2nd period - Icing by Ryan Strome.
15:10 of 2nd period - Ryan Donato wins face-off versus Christian Dvorak in WASHINGTON Capitals zone.
15:14 of 2nd period - Icing by Carson Soucy.
15:15 of 2nd period - Ryan Donato wins face-off versus Christian Dvorak in WASHINGTON Capitals zone.
15:16 of 2nd period - Shot by Oskar Lindblom.
15:16 of 2nd period - Shot Blocked by Carson Soucy.
15:28 of 2nd period - Mario Ferraro is hit by Oskar Lindblom and loses puck.
15:45 of 2nd period - Shot by Joel Armia.
15:45 of 2nd period - Deflect By Ryan Donato.
15:45 of 2nd period - Stopped by Scott Wedgewood without a rebound.
15:46 of 2nd period - William Karlsson wins face-off versus Jack Hughes in WASHINGTON Capitals zone.
15:52 of 2nd period - Off-side.
15:53 of 2nd period - William Karlsson wins face-off versus Jack Hughes in neutral zone.
16:14 of 2nd period - Off-side.
16:15 of 2nd period - Casey Mittelstadt wins face-off versus J.T. Compher in neutral zone.
16:40 of 2nd period - Shot by Andreas Athanasiou.
16:40 of 2nd period - Shot Blocked by Ian Cole.
16:42 of 2nd period - Shot by J.T. Compher.
16:42 of 2nd period - Goal by J.T. Compher - NEW JERSEY Devils : 2 - WASHINGTON Capitals : 1.
16:43 of 2nd period - Jack Hughes wins face-off versus William Karlsson in neutral zone.
16:43 of 2nd period - Bowen Byram is hit by William Karlsson and loses puck.
17:07 of 2nd period - Minor Penalty to Kevin Shattenkirk for Cross-checking.
17:08 of 2nd period - J.T. Compher wins face-off versus William Karlsson in WASHINGTON Capitals zone.
17:36 of 2nd period - Icing by Ryan Donato.
17:37 of 2nd period - William Karlsson wins face-off versus J.T. Compher in NEW JERSEY Devils zone.
17:56 of 2nd period - Shot by Ryan Donato.
17:56 of 2nd period - Shot Misses the Net.
17:58 of 2nd period - Shot by Andreas Athanasiou.
17:58 of 2nd period - Shot Misses the Net.
18:22 of 2nd period - Shot by Ryan Graves.
18:22 of 2nd period - Shot Blocked by Ian Cole.
18:24 of 2nd period - Shot by Ryan Graves.
18:24 of 2nd period - Shot Misses the Net.
18:26 of 2nd period - Shot by Ryan Graves.
18:26 of 2nd period - Goal by Ryan Graves - NEW JERSEY Devils : 3 - WASHINGTON Capitals : 1.
18:27 of 2nd period - Barrett Hayton wins face-off versus Gabriel Landeskog in neutral zone.
18:33 of 2nd period - Sam Steel is hit by Alexander Petrovic and loses puck.
19:26 of 2nd period - Icing by John Carlson.
19:27 of 2nd period - Casey Mittelstadt wins face-off versus Jack Hughes in WASHINGTON Capitals zone.
19:57 of 2nd period - Minor Penalty to Ivan Barbashev for Roughing.
19:58 of 2nd period - J.T. Compher wins face-off versus William Karlsson in WASHINGTON Capitals zone.
19:58 of 2nd period - J.T. Compher is hit by Carson Soucy.
Goals for this period are 3 for NEW JERSEY Devils vs 0 for WASHINGTON Capitals.
Shots for this period are 9 for NEW JERSEY Devils vs 10 for WASHINGTON Capitals.

3rd period


0:01 of 3rd period - William Karlsson wins face-off versus Jack Hughes in neutral zone.
0:10 of 3rd period - Shot by William Karlsson.
0:10 of 3rd period - Shot Misses the Net.
0:22 of 3rd period - Shot by Jack Hughes.
0:22 of 3rd period - Shot Misses the Net.
0:24 of 3rd period - Shot by Ryan Graves.
0:24 of 3rd period - Shot Misses the Net.
0:26 of 3rd period - Shot by Ryan Graves.
0:26 of 3rd period - Shot Misses the Net.
0:28 of 3rd period - Shot by Bowen Byram.
0:28 of 3rd period - Shot Blocked by John Carlson.
0:30 of 3rd period - Shot by Ryan Graves.
0:30 of 3rd period - Shot Blocked by John Carlson.
1:11 of 3rd period - Icing by J.T. Compher.
1:12 of 3rd period - J.T. Compher wins face-off versus William Karlsson in NEW JERSEY Devils zone.
3:19 of 3rd period - Icing by Ian Cole.
3:20 of 3rd period - Sam Steel wins face-off versus J.T. Compher in WASHINGTON Capitals zone.
3:22 of 3rd period - Icing by Ian Cole.
3:23 of 3rd period - Barrett Hayton wins face-off versus Jack Hughes in WASHINGTON Capitals zone.
3:45 of 3rd period - Shot by Barrett Hayton.
3:45 of 3rd period - Stopped by Jake Allen without a rebound.
3:46 of 3rd period - J.T. Compher wins face-off versus William Karlsson in NEW JERSEY Devils zone.
3:46 of 3rd period - J.T. Compher is hit by Matt Duchene.
4:57 of 3rd period - Jack Hughes is hit by Mario Ferraro and loses puck.
5:06 of 3rd period - Shot by Ryan Graves.
5:06 of 3rd period - Stopped by Scott Wedgewood without a rebound.
5:07 of 3rd period - Ryan Donato wins face-off versus Christian Dvorak in WASHINGTON Capitals zone.
5:25 of 3rd period - Shot by Joel Armia.
5:25 of 3rd period - Stopped by Scott Wedgewood without a rebound.
5:26 of 3rd period - Casey Mittelstadt wins face-off versus Gabriel Landeskog in WASHINGTON Capitals zone.
5:35 of 3rd period - Shot by Torey Krug.
5:35 of 3rd period - Shot Misses the Net.
5:42 of 3rd period - Icing by Ryan Graves.
5:43 of 3rd period - Christian Dvorak wins face-off versus Gabriel Landeskog in NEW JERSEY Devils zone.
5:55 of 3rd period - Icing by John Carlson.
5:56 of 3rd period - Christian Dvorak wins face-off versus Jack Hughes in WASHINGTON Capitals zone.
6:32 of 3rd period - John Carlson is hit by Kyle Okposo and loses puck.
7:27 of 3rd period - Shot by J.T. Compher.
7:27 of 3rd period - Shot Misses the Net.
7:49 of 3rd period - Minor Penalty to Ivan Barbashev for Cross-checking.
7:50 of 3rd period - Jack Hughes wins face-off versus William Karlsson in WASHINGTON Capitals zone.
7:51 of 3rd period - Shot by James van Riemsdyk.
7:51 of 3rd period - Stopped by Scott Wedgewood with a rebound.
7:53 of 3rd period - Shot by Jack Hughes.
7:53 of 3rd period - Shot Misses the Net.
7:55 of 3rd period - Shot by Adam Boqvist.
7:55 of 3rd period - Shot Misses the Net.
8:07 of 3rd period - Shot by James van Riemsdyk.
8:07 of 3rd period - Shot Misses the Net.
8:09 of 3rd period - Shot by Jack Hughes.
8:09 of 3rd period - Shot Blocked by Christian Dvorak.
8:15 of 3rd period - Shot by Jack Hughes.
8:15 of 3rd period - Shot Blocked by Christian Dvorak.
8:17 of 3rd period - Shot by Adam Boqvist.
8:17 of 3rd period - Shot Misses the Net.
8:35 of 3rd period - Shot by Ryan Donato.
8:35 of 3rd period - Stopped by Scott Wedgewood without a rebound.
8:36 of 3rd period - Andreas Athanasiou wins face-off versus Jason Dickinson in WASHINGTON Capitals zone.
8:41 of 3rd period - Shot by Bowen Byram.
8:41 of 3rd period - Shot Blocked by John Carlson.
8:43 of 3rd period - Shot by Ryan Graves.
8:43 of 3rd period - Shot Misses the Net.
8:45 of 3rd period - Shot by Bowen Byram.
8:45 of 3rd period - Stopped by Scott Wedgewood without a rebound.
8:46 of 3rd period - J.T. Compher wins face-off versus Christian Dvorak in WASHINGTON Capitals zone.
8:51 of 3rd period - Shot by Ryan Donato.
8:51 of 3rd period - Shot Blocked by John Carlson.
8:53 of 3rd period - Shot by J.T. Compher.
8:53 of 3rd period - Goal by J.T. Compher - NEW JERSEY Devils : 4 - WASHINGTON Capitals : 1.
8:54 of 3rd period - Casey Mittelstadt wins face-off versus Ryan Donato in neutral zone.
9:04 of 3rd period - Off-side.
9:05 of 3rd period - Gabriel Landeskog wins face-off versus Barrett Hayton in neutral zone.
9:09 of 3rd period - Minor Penalty to Barrett Hayton for Holding.
9:10 of 3rd period - William Karlsson wins face-off versus Jack Hughes in WASHINGTON Capitals zone.
9:25 of 3rd period - Shot by Kyle Okposo.
9:25 of 3rd period - Stopped by Scott Wedgewood without a rebound.
9:26 of 3rd period - J.T. Compher wins face-off versus William Karlsson in WASHINGTON Capitals zone.
9:35 of 3rd period - Shot by J.T. Compher.
9:35 of 3rd period - Stopped by Scott Wedgewood without a rebound.
9:36 of 3rd period - William Karlsson wins face-off versus Jack Hughes in WASHINGTON Capitals zone.
9:45 of 3rd period - Carson Soucy is hit by Kyle Okposo and loses puck.
10:02 of 3rd period - Shot by Jack Hughes.
10:02 of 3rd period - Shot Misses the Net.
10:04 of 3rd period - Shot by Ryan Graves.
10:04 of 3rd period - Shot Misses the Net.
10:06 of 3rd period - Shot by Bowen Byram.
10:06 of 3rd period - Stopped by Scott Wedgewood without a rebound.
10:07 of 3rd period - J.T. Compher wins face-off versus Jason Dickinson in WASHINGTON Capitals zone.
10:16 of 3rd period - Shot by J.T. Compher.
10:16 of 3rd period - Stopped by Scott Wedgewood without a rebound.
10:17 of 3rd period - J.T. Compher wins face-off versus William Karlsson in WASHINGTON Capitals zone.
10:37 of 3rd period - Icing by Adam Boqvist.
10:38 of 3rd period - J.T. Compher wins face-off versus Jason Dickinson in NEW JERSEY Devils zone.
10:48 of 3rd period - Shot by J.T. Compher.
10:48 of 3rd period - Stopped by Scott Wedgewood without a rebound.
10:49 of 3rd period - William Karlsson wins face-off versus Jack Hughes in WASHINGTON Capitals zone.
10:49 of 3rd period - William Karlsson is hit by Kyle Okposo.
11:22 of 3rd period - Miles Wood is hit by Kevin Shattenkirk and loses puck.
11:35 of 3rd period - Icing by Sam Steel.
11:36 of 3rd period - Barrett Hayton wins face-off versus Jack Hughes in WASHINGTON Capitals zone.
11:47 of 3rd period - Shot by Sam Steel.
11:47 of 3rd period - Shot Hit the Post.
12:28 of 3rd period - Kevin Shattenkirk is hit by Jake Bean and loses puck.
12:36 of 3rd period - Icing by Jake Bean.
12:37 of 3rd period - J.T. Compher wins face-off versus William Karlsson in NEW JERSEY Devils zone.
12:43 of 3rd period - William Karlsson is hit by Jake Bean and loses puck.
12:58 of 3rd period - Shot by Pavel Buchnevich.
12:58 of 3rd period - Shot Misses the Net.
13:00 of 3rd period - Shot by William Karlsson.
13:00 of 3rd period - Shot Misses the Net.
13:02 of 3rd period - Shot by Matt Duchene.
13:02 of 3rd period - Stopped by Jake Allen without a rebound.
13:03 of 3rd period - Ryan Donato wins face-off versus Casey Mittelstadt in NEW JERSEY Devils zone.
13:03 of 3rd period - Ryan Donato is hit by Ivan Barbashev.
13:15 of 3rd period - Shot by Ryan Donato.
13:15 of 3rd period - Deflect By Oskar Lindblom.
13:15 of 3rd period - Stopped by Scott Wedgewood without a rebound.
13:16 of 3rd period - Pavel Buchnevich wins face-off versus Jack Hughes in WASHINGTON Capitals zone.
13:16 of 3rd period - Matt Duchene is hit by James van Riemsdyk and loses puck.
13:46 of 3rd period - Icing by Torey Krug.
13:47 of 3rd period - William Karlsson wins face-off versus J.T. Compher in WASHINGTON Capitals zone.
13:54 of 3rd period - Shot by Pavel Buchnevich.
13:54 of 3rd period - Stopped by Jake Allen with a rebound.
13:56 of 3rd period - Shot by William Karlsson.
13:56 of 3rd period - Shot Hit the Post.
13:58 of 3rd period - Shot by William Karlsson.
13:58 of 3rd period - Deflect By Matt Duchene.
13:58 of 3rd period - Stopped by Jake Allen without a rebound.
13:59 of 3rd period - Casey Mittelstadt wins face-off versus Ryan Donato in NEW JERSEY Devils zone.
14:02 of 3rd period - Shot by Ivan Barbashev.
14:02 of 3rd period - Stopped by Jake Allen with a rebound.
14:04 of 3rd period - Shot by Kevin Shattenkirk.
14:04 of 3rd period - Stopped by Jake Allen with a rebound.
14:06 of 3rd period - Shot by Brock Boeser.
14:06 of 3rd period - Stopped by Jake Allen with a rebound.
14:22 of 3rd period - Shot by Casey Mittelstadt.
14:22 of 3rd period - Shot Blocked by Alexander Petrovic.
14:24 of 3rd period - Shot by Kevin Shattenkirk.
14:24 of 3rd period - Stopped by Jake Allen with a rebound.
14:26 of 3rd period - Shot by Kevin Shattenkirk.
14:26 of 3rd period - Shot Blocked by Alexander Petrovic.
14:28 of 3rd period - Shot by John Carlson.
14:28 of 3rd period - Shot Misses the Net.
14:51 of 3rd period - Icing by Chris Wideman.
14:52 of 3rd period - Ryan Donato wins face-off versus William Karlsson in NEW JERSEY Devils zone.
14:52 of 3rd period - Ryan Donato is hit by William Karlsson.
15:12 of 3rd period - Shot by Jack Hughes.
15:12 of 3rd period - Shot Misses the Net.
15:57 of 3rd period - Jack Hughes is hit by Carson Soucy and loses puck.
16:11 of 3rd period - Icing by Jake Bean.
16:12 of 3rd period - Casey Mittelstadt wins face-off versus J.T. Compher in NEW JERSEY Devils zone.
16:19 of 3rd period - Shot by Casey Mittelstadt.
16:19 of 3rd period - Deflect By Brock Boeser.
16:19 of 3rd period - Shot Misses the Net.
16:24 of 3rd period - Off-side.
16:25 of 3rd period - Barrett Hayton wins face-off versus Ryan Donato in neutral zone.
16:31 of 3rd period - Icing by Jake Bean.
16:32 of 3rd period - William Karlsson wins face-off versus Oskar Lindblom in NEW JERSEY Devils zone.
16:41 of 3rd period - Shot by Pavel Buchnevich.
16:41 of 3rd period - Shot Misses the Net.
16:43 of 3rd period - Shot by William Karlsson.
16:43 of 3rd period - Stopped by Jake Allen with a rebound.
16:45 of 3rd period - Shot by William Karlsson.
16:45 of 3rd period - Shot Misses the Net.
16:55 of 3rd period - Shot by Joel Armia.
16:55 of 3rd period - Stopped by Scott Wedgewood with a rebound.
17:05 of 3rd period - Shot by Pavel Buchnevich.
17:05 of 3rd period - Shot Blocked by Jake Bean.
17:45 of 3rd period - Icing by Ivan Barbashev.
17:46 of 3rd period - Casey Mittelstadt wins face-off versus Jack Hughes in WASHINGTON Capitals zone.
18:03 of 3rd period - Shot by Kyle Okposo.
18:03 of 3rd period - Stopped by Scott Wedgewood with a rebound.
18:05 of 3rd period - Shot by Ryan Graves.
18:05 of 3rd period - Stopped by Scott Wedgewood without a rebound.
18:06 of 3rd period - Christian Dvorak wins face-off versus J.T. Compher in WASHINGTON Capitals zone.
18:08 of 3rd period - Icing by John Carlson.
18:09 of 3rd period - Jack Hughes wins face-off versus Christian Dvorak in WASHINGTON Capitals zone.
18:38 of 3rd period - Shot by Ryan Graves.
18:38 of 3rd period - Shot Blocked by Kevin Shattenkirk.
18:40 of 3rd period - Shot by Kyle Okposo.
18:40 of 3rd period - Stopped by Scott Wedgewood without a rebound.
18:41 of 3rd period - William Karlsson wins face-off versus J.T. Compher in WASHINGTON Capitals zone.
18:50 of 3rd period - Shot by William Karlsson.
18:50 of 3rd period - Shot Blocked by Adam Boqvist.
18:52 of 3rd period - Shot by Matt Duchene.
18:52 of 3rd period - Goal by Matt Duchene - NEW JERSEY Devils : 4 - WASHINGTON Capitals : 2.
18:53 of 3rd period - Casey Mittelstadt wins face-off versus Ryan Donato in neutral zone.
19:00 of 3rd period - Shot by Brock Boeser.
19:00 of 3rd period - Stopped by Jake Allen with a rebound.
19:06 of 3rd period - Shot by Ivan Barbashev.
19:06 of 3rd period - Shot Misses the Net.
19:08 of 3rd period - Shot by Carson Soucy.
19:08 of 3rd period - Stopped by Jake Allen without a rebound.
19:09 of 3rd period - Jack Hughes wins face-off versus William Karlsson in NEW JERSEY Devils zone.
19:09 of 3rd period - Jack Hughes is hit by Pavel Buchnevich.
Goals for this period are 1 for NEW JERSEY Devils vs 1 for WASHINGTON Capitals.
Shots for this period are 16 for NEW JERSEY Devils vs 12 for WASHINGTON Capitals. Output by the SimonT Hockey Simulator (STHS) for Martin Benoit - Original Page W3C HTML5 Valid
Hockey Simulator - Hockey Simulation - Hockey Manager